 Dungeon Crawl Stone Soup version 0.31.0-9-g3a7656b989 (webtiles) character file.

Game seed: 16052919522240834127

35 qw the Shooter (level 3, 0/20 HPs)
             Began as a Deep Elf Hunter on Feb 2, 2024.
             Slain by a gnoll
             ... wielding a +0 whip
              (6 damage)
             ... on level 2 of the Dungeon.
             The game lasted 00:00:03 (881 turns).

qw the Shooter (Deep Elf Hunter)                     Turns: 881, Time: 00:00:03

Health: 0/20       AC:  5    Str: 10    XL:     3   Next: 16%
Magic:  5/5        EV: 11    Int: 13    God:
Gold:   50         SH:  0    Dex: 18    Spells: 2/2 levels left

rFire   . . .        a - +0 shortbow
rCold   . . .        (shield currently unavailable)
rNeg    . . .        j - +0 ring mail
rPois   .            (no helmet)
rElec   .            (no cloak)
rCorr   .            (no gloves)
SInv    .            (no boots)
Will    .....        (no amulet)
Stlth   +            (no ring)
HPRegen 0.23/turn    (no ring)
MPRegen 0.09/turn

%: no passive effects
@: no status effects
A: no striking features
a: no special abilities


You were on level 2 of the Dungeon.
You visited 1 branch of the dungeon, and saw 2 of its levels.

You collected 50 gold pieces.


   Skills:
 - Level 1.5 Fighting
 + Level 6.7 Ranged Weapons
 - Level 2.4 Dodging
 - Level 1.2 Stealth


You had 2 spell levels left.
You didn't know any spells.
Your spell library was empty.

Inventory:

Hand Weapons
 a - a +0 shortbow (weapon)
Armour
 j - a +0 ring mail (worn)
Potions
 e - a potion of haste
 h - a potion of curing

Dungeon Overview and Level Annotations

Branches:
Dungeon (2/15)

Altars:


Message History

A scorpion zombie comes into view.
A ball python comes into view.
You shoot an arrow.
The arrow closely misses the ball python.
You shoot an arrow. The arrow hits the ball python.
The ball python is heavily wounded.
A gnoll comes into view. It is wielding a +0 halberd.
The gnoll barely misses you.
You shoot an arrow. The arrow hits the gnoll.
The gnoll is lightly wounded.
The gnoll barely misses you.
You shoot an arrow.
The arrow completely misses the ball python.
The ball python closely misses you. The ball python grabs you.
The ball python constricts you. The gnoll hits you with a +0 halberd.
The ball python barely misses you. The ball python constricts you.
You shoot an arrow. The arrow hits the ball python.
You kill the ball python!
The gnoll barely misses you. The gnoll closely misses you.
You shoot an arrow. The arrow hits the gnoll.
The gnoll is lightly wounded.
You shoot an arrow. The arrow hits the gnoll!
The gnoll is severely wounded.
The ribbon worm expels a string of sticky webbing.
The stream of webbing hits you but does no damage.
You are caught in a web!
The gnoll hits you with a +0 halberd.
An endoplasm comes into view.
The web tears apart.
The gnoll hits you with a +0 halberd!
A gnoll comes into view. It is wielding a +0 whip.
You shoot an arrow. The arrow hits the gnoll.
The gnoll is almost dead.
You hear a shout!
The gnoll misses you. The gnoll hits you with a +0 whip.
879 ||| RETREEEEATING.
The gnoll barely misses you.
880 ||| RETREEEEATING.
881 ||| RETREEEEATING.
The gnoll attacks as it pursues you! The gnoll hits you with a +0 whip.
You die...

#...# .... ..
###.# .... .. #.#
....... #.#
.#...#. #.#
....... #.#
....... #.#
#.#...#########.#
#.#
#...Zwg.g@......#
#.#
########.######..#
#.#
................
#.#
########...####..#
#.# #...####..#
#.. #......#..#
### ##.....#..# #
#.#####..# #
#.....#..# #


You could see a ribbon worm, 2 gnolls and a scorpion zombie.

Vanquished Creatures
  2 dart slugs (D:1)
  3 ball pythons
  2 bats (D:1)
  3 endoplasms (D:1)
  3 giant cockroaches
  4 jackals (D:1)
  A kobold (D:1)
  A quokka (D:1)
  A frilled lizard (D:1)
  3 goblins
  3 rats (D:1)
26 creatures vanquished.

Notes
Turn   | Place    | Note
-------+----------+-------------------------------------------
     0 | D:1      | qw the Deep Elf Hunter began the quest for the Orb.
     0 | D:1      | Reached XP level 1. HP: 12/12 MP: 3/3
     0 | D:1      | 0 ||| qw: Version: 0.3-a-155-g5e7d8dd
     0 | D:1      | 0 ||| qw: Game counter: 1543
     0 | D:1      | 0 ||| qw: Melee chars always use a shield: true
     0 | D:1      | 0 ||| qw: God list: Okawaru
     0 | D:1      | 0 ||| qw: Allow faded altars: false
     0 | D:1      | 0 ||| qw: Do Orc after clearing Dungeon:15 true
     0 | D:1      | 0 ||| qw: Do second Lair branch before Depths: true
     0 | D:1      | 0 ||| qw: Lair rune preference: random
     0 | D:1      | 0 ||| qw: Goals: Normal
     0 | D:1      | 0 ||| PLANNING D:1-11
   142 | D:1      | Found a faded altar of an unknown god.
   209 | D:1      | Reached XP level 2. HP: 16/16 MP: 4/4
   262 | D:1      | Reached skill level 6 in Ranged Weapons
   290 | D:1      | 290 ||| RETREEEEATING.
   292 | D:1      | 292 ||| RETREEEEATING.
   519 | D:1      | Reached XP level 3. HP: 17/20 MP: 5/5
   659 | D:1      | 659 ||| UPGRADING to +0 ring mail.
   669 | D:1      | 669 ||| DROPPING +0 leather armour.
   670 | D:1      | 670 ||| READING scroll labelled FOCAGU EBLYOGH.
   671 | D:1      | 671 ||| READING 3 scrolls labelled XEQU VOCLAZIE.
   671 | D:1      | 671 ||| IDENTIFYING red potion
   672 | D:1      | 672 ||| READING 2 scrolls of identify.
   672 | D:1      | 672 ||| IDENTIFYING silvery potion
   673 | D:1      | 673 ||| READING scroll of identify.
   673 | D:1      | 673 ||| IDENTIFYING fizzy emerald potion
   674 | D:1      | 674 ||| READING scroll labelled KUSTRE MOIGOTAM.
   775 | D:1      | 775 ||| READING scroll labelled OWOUMA XILASYAPT.
   780 | D:1      | 780 ||| DROPPING scroll of butterflies.
   781 | D:1      | 781 ||| DROPPING potion of lignification.
   878 | D:2      | HP: 5/20 [gnoll/+0 whip (1)]
   879 | D:2      | 879 ||| RETREEEEATING.
   880 | D:2      | 880 ||| RETREEEEATING.
   881 | D:2      | 881 ||| RETREEEEATING.
   881 | D:2      | Slain by a gnoll

Levels and vault maps discovered:
D:1:      dpeg_arrival_refuge, layout_basic, basic_ecumenical_altar,
          minmay_cupped
D:2:      layout_basic, serial_undead, serial_undead_c, serial_undead_e,
          serial_undead_e, serial_undead_c, serial_undead_a

Skill      XL: |  1  2 |
---------------+-------+-----
Ranged Weapons | 6 |  6.7
Fighting       | |  1.5
Dodging        | |  2.4
Stealth        | |  1.2

Action                     || total
---------------------------++-------
   Fire: Shortbow          ||    80
    Use: Scroll            ||     6
 Armour: Leather armour    ||    13
         Ring mail         ||     7
  Dodge: Dodged            ||    22

Table legend:
 A = Non-vault XP
 B = Vault XP
 C = Vault XP percentage of total XP
 D = Non-vault monster count
 E = Vault monster count
 F = Vault count percentage of total count
                 A         B        C        D         E       F
            +---------+---------+-------+---------+---------+-------
      Total |      47 |       3 |   6.0 |      24 |       2 |   7.7
            +---------+---------+-------+---------+---------+-------
        D:1 |      41 |       3 |   6.8 |      21 |       2 |   8.7
        D:2 |       6 |       0 |   0.0 |       3 |       0 |   0.0
            +---------+---------+-------+---------+---------+-------
